 Dungeon Crawl Stone Soup version 0.27.1-3-gb3d3a73c9e (webtiles) character file.

Game seed: 5574135085999260636

1021 Gabide the Ruffian (level 8, -3/58 HPs)
             Began as a Human Artificer on Oct 26, 2021.
             Was an Initiate of Ashenzari.
             Slain by an orc warrior (4 damage)
             ... on level 5 of the Dungeon.
             The game lasted 00:28:53 (9280 turns).

Gabide the Ruffian (Human Artificer)                Turns: 9280, Time: 00:28:54

Health: -3/58      AC:  5    Str: 14    XL:     8   Next: 46%
Magic:  0/8        EV: 12    Int: 17    God:    Ashenzari [......]
Gold:   302        SH:  0    Dex: 13    Spells: 7/7 levels left

rFire    . . .     SeeInvis .     - Unarmed
rCold    . . .     Faith    .   (no shield)
rNeg     . . .     Spirit   +   r - +2 robe of Valiance {Int+4}
rPois    .         Reflect  .   k - +1 hat
rElec    .         Harm     .   (no cloak)
rCorr    .         Rampage  .   (no gloves)
Will     .....                  (no boots)
Stlth    ++........             n - amulet of guardian spirit
HPRegen  0.19/turn              (no ring)
MPRegen  0.11/turn              (no ring)

@: mighty
A: no striking features
a: Renounce Religion, Curse Item


You were on level 5 of the Dungeon.
You worshipped Ashenzari.
Ashenzari was noncommittal.
You visited 2 branches of the dungeon, and saw 6 of its levels.

You collected 302 gold pieces.

Inventory:

Hand Weapons
 c - a +0 club
Armour
 b - a +0 leather armour
 k - a +1 hat (worn)
 r - the +2 robe of Valiance (worn) {Int+4}
   (You found it on level 5 of the Dungeon)

   Int:       It affects your intelligence (+4).
Jewellery
 n - an amulet of guardian spirit (around neck)
Scrolls
 f - a scroll of torment
 l - 4 scrolls of identify
 q - 2 scrolls of fog
Potions
 a - a potion of magic
 m - 2 potions of attraction
 o - a potion of flight
Miscellaneous
 e - a piece from Xom's chessboard (1/15)


   Skills:
 * Level 3.0 Fighting
 - Level 0.1 Throwing
 - Level 2.8 Armour
 + Level 2.9 Dodging
 + Level 3.8 Stealth
 * Level 6.7 Unarmed Combat
 + Level 3.6 Evocations


You had 7 spell levels left.
You didn't know any spells.
Your spell library contained the following spells:

 Spells                   Type           Power      Damage    Failure   Level
 Pain                     Necr           0%         1d4       24%         1
 Agony                    Necr           0%         N/A       100%        5
 Excruciating Wounds      Necr           0%         N/A       100%        5


Dungeon Overview and Level Annotations

Branches:
Dungeon (5/15)             Temple (1/1) D:5

Altars:
Ashenzari
Cheibriados
Dithmenos
Elyvilon
Fedhas
Gozag
Hepliaklqana
Kikubaaqudgha
Makhleb
Okawaru
Qazlal
Ru
Sif Muna
Trog
Vehumet
Wu Jian
Xom
The Shining One

Shops:
D:3 :   D:5 *

Annotations:
D:5 3 runed translucent doors, Jabberih's ghost, novice MfIE; chujev's ghost, amateur TrBe


Message History

The ice beast hits you but does no damage.
You hit the ice beast.
The ice beast is almost dead.
The orc warrior barely misses you. The ice beast misses you.
You barely miss the ice beast.
The ice beast is almost dead.
The orc warrior barely misses you. The ice beast barely misses you.
You punch the ice beast!
You kill the ice beast!
The orc warrior hits you from afar with a +0 trident!
* * * LOW HITPOINT WARNING * * *
Your Fighting skill increases to level 3!
Okay, then.
You feel better.
The orc warrior hits you from afar with a +0 trident.
* * * LOW HITPOINT WARNING * * *
You see here a +0 dagger.
You see here a potion of might.
d - a potion of might The orc warrior barely misses you.
You feel better.
The orc warrior hits you from afar with a +0 trident.
You feel very mighty all of a sudden.
The orc warrior hits you from afar with a +0 trident!!
* * * LOW HITPOINT WARNING * * *
You pummel the orc!!
You kill the orc!
The orc warrior misses you.
Things that are here:
a +0 falchion; a potion of mutation You closely miss the orc warrior.
The orc warrior hits you with a +0 trident.
You hit the orc warrior.
The orc warrior is lightly wounded.
The orc warrior hits you with a +0 trident!
* * * LOW HITPOINT WARNING * * *
You barely miss the orc warrior.
The orc warrior is lightly wounded.
The orc warrior hits you with a +0 trident.
You die...

##..## ..
......< ##....##
.. ...Yr>.
##......## #.
.......
#........#
.#h......
#........##
.........
#.........#
#......
#........###...#
#..@o.....##..#
##........##..#
#.........#.##
#.........#.#
##........).#
#........†.#
##...$..##.###
#....###....#
######..####...#


You could see an orc warrior.

Vanquished Creatures
  A water moccasin (D:5)
  An ice beast (D:5)
  An ogre (D:5)
  A wyvern zombie (D:5)
  2 scorpions (D:5)
  An iguana (D:5)
  A bullfrog zombie (D:5)
  2 hounds
  2 jellies (D:5)
  A gnoll shaman (D:5)
  An orc priest (D:5)
  An orc wizard (D:5)
  A hound zombie (D:5)
  6 gnolls
  6 adders
  A white imp (D:4)
  3 adder skeletons (D:4)
  A worm (D:2)
  2 dart slugs
  10 orcs
  9 ball pythons
  10 endoplasms
  6 giant cockroaches
  4 hobgoblins
  8 jackals
  4 kobolds
  2 quokkas
  6 bats
  5 goblins
  7 rats
106 creatures vanquished.

Vanquished Creatures (collateral kills)
  2 hounds (D:5)
  A white imp (D:5)
  2 orcs (D:3)
5 creatures vanquished.

Vanquished Creatures (others)
  A hornet zombie (D:5)
  A hound (D:5)
  A bullfrog zombie (D:5)
  An adder (D:5)
  2 orcs (D:3)
  A giant cockroach (D:2)
  5 withered plants (D:5)
12 creatures vanquished.

Grand Total: 123 creatures vanquished

Notes
Turn   | Place    | Note
-------+----------+-------------------------------------------
     0 | D:1      | Gabide the Human Artificer began the quest for the Orb.
     0 | D:1      | Reached XP level 1. HP: 15/15 MP: 1/1
   481 | D:1      | Reached XP level 2. HP: 12/21 MP: 2/2
   671 | D:1      | Reached skill level 1 in Unarmed Combat
   973 | D:1      | Reached XP level 3. HP: 7/26 MP: 3/3
  2171 | D:2      | Reached XP level 4. HP: 27/32 MP: 4/4
  2886 | D:2      | Reached skill level 2 in Unarmed Combat
  3831 | D:3      | Reached XP level 5. HP: 24/37 MP: 5/5
  4933 | D:3      | Found Qefrim's Book Emporium.
  5407 | D:4      | Reached skill level 3 in Unarmed Combat
  5764 | D:4      | You fall into a shaft and drop 1 floor!
  5764 | D:5      | Entered Level 5 of the Dungeon
  6027 | D:5      | Found a runed translucent gate.
  6027 | D:5      | Identified the +2 robe of Valiance {Int+4}
  6043 | D:5      | Reached XP level 6. HP: 36/43 MP: 4/6
  6092 | D:5      | Found a runed translucent gate.
  6096 | D:5      | Noticed Jabberih's ghost (novice MfIE)
  6097 | D:5      | Found a runed translucent gate.
  6097 | D:5      | Noticed chujev's ghost (amateur TrBe)
  6108 | D:5      | Noticed a water moccasin
  6142 | D:5      | Killed a water moccasin
  6143 | D:5      | Reached skill level 4 in Unarmed Combat
  6323 | D:5      | Found a staircase to the Ecumenical Temple.
  6346 | Temple   | Entered the Ecumenical Temple
  6538 | Temple   | Became a worshipper of Ashenzari the Shackled
  6651 | D:5      | Reached XP level 7. HP: 42/50 MP: 7/7
  6976 | D:5      | Reached skill level 5 in Unarmed Combat
  7861 | D:4      | Found a shimmering altar of Xom.
  8542 | D:5      | Reached XP level 8. HP: 20/57 MP: 2/8
  8548 | D:5      | Reached skill level 6 in Unarmed Combat
  8656 | D:5      | Found Qolotsij's Lightly-Used Armoury.
  9172 | D:5      | Found a blossoming altar of Fedhas.
  9279 | D:5      | HP: 1/58 [orc warrior (6)]
  9280 | D:5      | Slain by an orc warrior

Illustrated notes

Levels and vault maps discovered:
D:1:      psy_arrival_fountain, layout_basic, hex_medium, minmay_octomino_j4
D:2:      layout_rooms
D:3:      layout_loops_ring, serial_shops, nicolae_shop_waterfront,
          serial_bayou_ford_a, minmay_increasing_density
D:4:      layout_layer_cave, kennysheep_mini_moat, chequers_jeans
D:5:      minmay_chambers_of_threes, layout_cave_pods, fedhas_altar_4,
          minmay_temple_entry_trees, gammafunk_ghost_cemetery,
          minmay_shop_damaged, uniq_crazy_yiuf_cottage
Temple:   regret_index_temple_sphere_string

Skill      XL: |  1  2  3  4  5  6  7  8 |
---------------+-------------------------+-----
Unarmed Combat | 1 2 3 4 5 6 |  6.7
Dodging        | 2 |  2.9
Stealth        | 2 3 |  3.8
Fighting       | 2 3 |  3.0
Throwing       | |  0.1
Armour         | |  2.8
Evocations     | |  3.6

Action                   |  1- 3 |  4- 6 |  7- 9 || total
-------------------------+-------+-------+-------++-------
Melee: Unarmed           |   146 |   312 |   190 ||   648
       Punch             |       |     2 |     5 ||     7
Throw: Throwing net      |       |       |     3 ||     3
Evoke: Wand              |    14 |     7 |     9 ||    30
       Piece from Xom's  |       |    19 |     5 ||    24
  Use: Scroll            |       |    10 |     3 ||    13
       Potion            |       |     3 |     8 ||    11
 Stab: Sleeping          |     1 |     1 |     2 ||     4
       Petrified         |       |    18 |    14 ||    32
       Confused          |       |     5 |       ||     5
       Paralysed         |       |     2 |       ||     2
Armor: Leather armour    |    53 |    95 |       ||   148
       Robe              |       |     8 |    39 ||    47
       Skin              |       |       |    13 ||    13
Dodge: Dodged            |   120 |   218 |   106 ||   444
